 Dungeon Crawl Stone Soup version 0.19.0-22-gd96e5fe (webtiles) character file.

243 smedtjen the Firebug (level 5, -3/39 HPs)
             Began as a Demigod Fire Elementalist on Nov 18, 2016.
             Slain by an orc wizard
             ... wielding a +0 dagger of electrocution
              (17 damage)
             ... on level 4 of the Dungeon.
             The game lasted 00:16:07 (3863 turns).

smedtjen the Firebug (Demigod Fire Elementalist)    Turns: 3863, Time: 00:16:09

Health: -3/39      AC:  3    Str: 11    XL:     5   Next: 52%
Magic:  2/12       EV: 13    Int: 21    God:
Gold:   121        SH:  0    Dex: 16    Spells: 2 memorised, 6 levels left

rFire  . . .     SeeInvis .     v - +1 hand axe (elec)
rCold  . . .     Gourm    .     i - +0 robe
rNeg   . . .     Faith    .     (no shield)
rPois  .         Spirit   .     (no helmet)
rElec  .         Reflect  .     (no cloak)
rCorr  .         Harm     .     a - +0 pair of gloves
MR     .....                    (no boots)
Stlth  ++........               (no amulet)
                                (no ring)
                                (no ring)

@: no status effects
A: high mp 1
a: no special abilities


You were on level 4 of the Dungeon.
You were not hungry.

You visited 1 branch of the dungeon, and saw 4 of its levels.

You collected 121 gold pieces.

Inventory:

Hand Weapons
 e - a +0 mace
 l - a +0 short sword
 t - a cursed -2 dagger
 v - a +1 hand axe of electrocution (weapon)
 w - a +0 blowgun
 x - a cursed -2 flail
Missiles
 k - 15 poisoned needles (quivered)
 p - 24 arrows
 q - 104 stones
 y - 4 tomahawks
Armour
 a - a +0 pair of gloves (worn)
 i - a +0 robe (worn)
Scrolls
 d - a scroll of blinking {unknown}
 g - 2 scrolls of remove curse
 h - a scroll of random uselessness {unknown}
 m - 4 scrolls of identify
 n - a scroll of amnesia {unknown}
 o - a scroll of enchant weapon {unknown}
Potions
 f - 2 potions of ambrosia
 r - a potion of magic {unknown}
 s - a potion of cancellation {unknown}
 u - a potion of heal wounds {unknown}
Books
 b - a book of Flames

   Spells                             Type                      Level
   a - Flame Tongue                   Conjuration/Fire             1
   b - Throw Flame                    Conjuration/Fire             2
   c - Conjure Flame                  Conjuration/Fire             3
   d - Inner Flame                    Hexes/Fire                   3
   e - Sticky Flame                   Conjuration/Fire             4
   f - Fireball                       Conjuration/Fire             5
Comestibles
 c - a bread ration
 j - a slice of pizza
 z - a chunk of flesh


   Skills:
 + Level 0.5 Fighting
 + Level 0.5(0.7) Axes
 + Level 0.5(0.7) Maces & Flails
 + Level 2.0 Dodging
 + Level 2.6 Stealth
 + Level 2.7 Spellcasting
 + Level 2.2 Conjurations
 + Level 4.1 Fire Magic


You had 6 spell levels left.
You knew the following spells:

 Your Spells              Type           Power        Failure   Level  Hunger
a - Flame Tongue          Conj/Fire      ###..        4%          1    None
b - Throw Flame           Conj/Fire      ###...       8%          2    ##.....


Dungeon Overview and Level Annotations

Branches:
Dungeon (4/15)
 Temple: D:4-7


Innate Abilities, Weirdness & Mutations

You have an increased reservoir of magic. (+10% MP)


Message History

Aiming: Flame Tongue
Press: ? - help, Shift-Dir - straight line, f - orc wizard, p - orc
Aim: an orc wizard, wielding a dagger of electrocution and wearing a robe (moderately wounded, fast)
The flame tongue hits the orc wizard.
The orc wizard is severely wounded.
The orc wizard barely misses you. The orc wizard closely misses you.
The orc misses you.
You hit the orc wizard but do no damage.
The orc wizard is severely wounded.
You hit the orc. The orc wizard casts a spell at you.
The puff of flame misses you. The orc barely misses you.
The orc wizard mumbles some strange words.
You hit the orc wizard.
The orc wizard is severely wounded.
You hit the orc but do no damage.
There is a sudden explosion of sparks!
You kill the orc!
The orc wizard hits you but does no damage.
You are electrocuted!
You die...

'###....#
........#..#####
........+..........#
........#..........#
........#..........
........#.........
........#..# #..# ##
######'##..###..####.##
................@#....#
...............)o#....#
................)'.o..#
#######################


You could see an orc wizard.

Vanquished Creatures
  The ghost of Zorot the Vexing, an amateur FeEn (D:4)
  2 orc wizards (D:4)
  A bullfrog skeleton (D:4)
  An adder (D:2)
  2 worms
  6 orcs
  A ball python (D:3)
  6 bats
  2 giant cockroaches
  4 goblins
  7 hobgoblins
  3 jackals (D:1)
  7 kobolds
  A quokka (D:1)
  A frilled lizard (D:1)
  7 rats
52 creatures vanquished.

Notes
Turn   | Place    | Note
-------+----------+-------------------------------------------
     0 | D:1      | smedtjen the Demigod Fire Elementalist began the quest for the Orb.
     0 | D:1      | Reached XP level 1. HP: 14/14 MP: 5/5
   601 | D:1      | Reached skill level 3 in Fire Magic
   654 | D:1      | Reached XP level 2. HP: 20/20 MP: 5/7
   924 | D:1      | Learned a level 2 spell: Throw Flame
  1072 | D:1      | Reached skill level 1 in Conjurations
  1884 | D:2      | Reached XP level 3. HP: 24/26 MP: 5/8
  3192 | D:3      | Found a shadowy altar of Dithmenos.
  3228 | D:4      | Reached XP level 4. HP: 19/33 MP: 0/10
  3297 | D:4      | Noticed Zorot's ghost (amateur FeEn)
  3303 | D:4      | Killed Zorot's ghost
  3303 | D:4      | Reached XP level 5. HP: 18/38 MP: 2/11
  3498 | D:4      | Reached skill level 4 in Fire Magic
  3863 | D:4      | Slain by an orc wizard

Skill      XL: |  1  2  3  4  5 |
---------------+----------------+-----
Spellcasting   | 2 |  2.7
Fire Magic     | 3 4 |  4.1
Conjurations   | 1 2 |  2.2
Stealth        | 2 |  2.6
Dodging        | 2 |  2.0
Fighting       | |  0.5
Axes           | |  0.5
Maces & Flails | |  0.5

Action                   |  1- 3 |  4- 6 || total
-------------------------+-------+-------++-------
Melee: Short sword       |     6 |       ||     6
       Mace              |     4 |       ||     4
       Hand axe          |     2 |    14 ||    16
 Cast: Flame Tongue      |    49 |    16 ||    65
       Throw Flame       |    23 |     6 ||    29
  Use: Scroll            |     3 |       ||     3
       Potion            |     1 |       ||     1
  Eat: Meat ration       |     1 |       ||     1
       Chunk             |     1 |       ||     1
       Royal jelly       |     1 |       ||     1
       Pizza             |     1 |       ||     1
       Bread ration      |       |     1 ||     1
Armor: Robe              |     4 |     3 ||     7
Dodge: Dodged            |    24 |    21 ||    45
